 Dungeon Crawl Stone Soup version 0.29.1-1-gd02db6906a (webtiles) character file.

Game seed: 2091932970969045442

93 Ashen the Chiller (level 4, -6/31 HPs)
             Began as a Demonspawn Ice Elementalist on Sept 28, 2022.
             Mangled by a gnoll
             ... wielding a +0 flail
              (10 damage)
             ... on level 2 of the Dungeon.
             The game lasted 00:04:44 (3012 turns).

Ashen the Chiller (Demonspawn Ice Elementalist)     Turns: 3012, Time: 00:04:47

Health: -6/31      AC:  5    Str:  8    XL:     4   Next: 36%
Magic:  7/8        EV: 11    Int: 19    God:
Gold:   108        SH:  0    Dex: 13    Spells: 1/8 levels left

rFire   . . .      SeeInvis .   l - +1 dagger (freeze)
rCold   . . .      Faith    .   (no shield)
rNeg    . . .      Spirit   .   e - +0 leather armour
rPois   .          Reflect  .   (no helmet)
rElec   .          Harm     .   (no cloak)
rCorr   .          Rampage  .   (no gloves)
Will    .....                   (no boots)
Stlth   ++........              (no amulet)
HPRegen 0.10/turn               (no ring)
MPRegen 0.11/turn               (no ring)

@: no status effects
A: thin metallic scales 1, powered by death 1
a: no special abilities


You were on level 2 of the Dungeon.
You visited 1 branch of the dungeon, and saw 3 of its levels.

You collected 108 gold pieces.

Inventory:

Hand Weapons
 f - a +0 spear
 l - a +1 dagger of freezing (weapon)
Missiles
 g - 5 atropa-tipped darts (quivered)
Armour
 e - a +0 leather armour (worn)
 i - a +0 buckler
Scrolls
 a - 2 scrolls of enchant armour {unknown}
 c - a scroll of magic mapping {unknown}
 h - a scroll of noise {unknown}
 k - a scroll of torment {unknown}
Potions
 b - a potion of magic
 d - 6 potions of curing {unknown}
 j - a potion of resistance {unknown}


   Skills:
 + Level 0.9 Fighting
 + Level 2.1 Dodging
 + Level 2.3 Stealth
 * Level 2.8 Spellcasting
 * Level 4.3 Ice Magic


You had one spell level left.
You knew the following spells:

 Your Spells              Type           Power      Damage    Failure   Level
a - Freeze                Ice            76%        1d9       3%          1
b - Frozen Ramparts       Ice            38%        1d6       12%         3
c - Ozocubu's Armour      Ice            19%        N/A       12%         3

Your spell library contained the following spells:

 Spells                   Type           Power      Damage    Failure   Level
 Portal Projectile        Hex/Tloc       4%         N/A       56%         3
 Tukima's Dance           Hex            2%         N/A       56%         3
 Hailstorm                Conj/Ice       10%        3d5       67%         4
 Blade Hands              Tmut           1%         N/A       99%         5


Dungeon Overview and Level Annotations

Branches:
Dungeon (3/15)

Altars:
Yredelemnul

Annotations:
D:3 Ijyb


Innate Abilities, Weirdness & Mutations

You are partially covered in thin metallic scales. (AC +2)
You regenerate a little health from kills.


Message History

Found a stone staircase leading down.
There is an open door here.
Found a stone staircase leading up.
Done exploring.
Done exploring.
There is an open door here.
There is an open door here.
There is a stone staircase leading down here.
You climb downwards.
The gnoll shouts!
You hear a shout! x2; The gnoll shouts!
You hear an angry hiss.
Found a leather armour and a puce potion.
There is a stone staircase leading up here.
The gnoll shouts!
The endoplasm quivers.
The gnoll hits you with a +0 flail!
You hear a shout!
You hit the gnoll. You freeze the gnoll.
The gnoll is moderately wounded.
A gnoll comes into view. It is wielding a +0 spear.
The gnoll hits you from afar with a +0 spear!
The gnoll hits you with a +0 flail!
* * * LOW HITPOINT WARNING * * *
The gnoll attacks as you move away! The gnoll closely misses you.
A ball python comes into view.
There is a stone staircase leading up here.
The gnoll closely misses you.
The gnoll hits you from afar with a +0 spear.
* * * LOW HITPOINT WARNING * * *
You climb upwards.
There is a stone staircase leading down here.
Casting: Frozen Ramparts (quite dangerous; 12% risk of failure)
Confirm with . or Enter, or press ? or * to list all spells.
Aiming: Freeze (safe; 3% risk of failure)
Press: ? - help, Shift-Dir - straight line, f - gnoll
Aim: a gnoll, wielding a +0 flail (moderately wounded)
You freeze the gnoll.
The gnoll is almost dead.
The gnoll hits you with a +0 flail!
You die...

#.# #.......## #..
#.########........############
#........'........#...........
##########..........##########
####'#...)## #.#....# #.#....#
#g#...## #@+...# ###...# #...#
######### ##..PP.######
#...P.P.##..# #############.#
#...........#.### ###
#.#########.....# #..


You could see a gnoll.

Vanquished Creatures
  A gnoll (D:1)
  An adder (D:2)
  A dart slug (D:2)
  4 orcs (D:2)
  8 ball pythons
  6 endoplasms
  3 giant cockroaches
  4 goblins
  6 hobgoblins
  6 jackals
  4 quokkas (D:1)
  5 bats
  2 frilled lizards (D:2)
  5 kobolds
  2 rats (D:2)
58 creatures vanquished.

Notes
Turn   | Place    | Note
-------+----------+-------------------------------------------
     0 | D:1      | Ashen the Demonspawn Ice Elementalist began the quest for
                  | the Orb.
     0 | D:1      | Reached XP level 1. HP: 13/13 MP: 3/3
     1 | D:1      | Found a basalt altar of Yredelemnul.
   518 | D:1      | Gained mutation: You are partially covered in thin metallic
                  | scales. (AC +2) [demonic ancestry]
   518 | D:1      | Reached XP level 2. HP: 19/19 MP: 0/5
   577 | D:1      | Found a faded altar of an unknown god.
  1022 | D:1      | Reached skill level 4 in Ice Magic
  1097 | D:1      | Gained mutation: You regenerate a little health from kills.
                  | [demonic ancestry]
  1097 | D:1      | Reached XP level 3. HP: 23/25 MP: 2/6
  1107 | D:1      | Learned a level 3 spell: Frozen Ramparts
  1367 | D:1      | Learned a level 3 spell: Ozocubu's Armour
  2127 | D:2      | You fall into a shaft and drop 1 floor!
  2229 | D:2      | Reached XP level 4. HP: 31/31 MP: 2/8
  3010 | D:3      | Noticed Ijyb
  3012 | D:2      | Mangled by a gnoll

Illustrated notes

Levels and vault maps discovered:
D:1:      sevenhm_arrival_forest_fort_small_6, layout_loops_corners,
          ebering_ecumenical_altar_mist
D:2:      layout_basic, serial_aquarium, aquarium_bridge_straight
          [aquarium_subvault_bridge, aquarium_subvault_wall,
          aquarium_subvault_bridge, aquarium_subvault_window],
          aquarium_window_corridor_2, aquarium_window_2, aquarium_window_double,
          aquarium_view_2a, aquarium_balcony_5b, chequers_serial_rivers_marsh,
          kennysheep_big_empty_room
D:3:      layout_basic, uniq_jessica, uniq_terence, uniq_grinder,
          uniq_crazy_yiuf_cottage, uniq_ijyb

Skill      XL: |  1  2  3 |
---------------+----------+-----
Stealth        | 2 |  2.3
Ice Magic      | 4 |  4.3
Dodging        | 2 |  2.1
Fighting       | |  0.9
Spellcasting   | |  2.8

Action                   |  1- 3 |  4- 6 || total
-------------------------+-------+-------++-------
Melee: Unarmed           |    14 |       ||    14
       Spear             |   104 |    35 ||   139
       Dagger            |       |     1 ||     1
 Cast: Freeze            |    42 |     1 ||    43
       Frozen Ramparts   |       |     2 ||     2
       Ozocubu's Armour  |       |     1 ||     1
 Stab: Sleeping          |    12 |     3 ||    15
       Distracted        |     1 |       ||     1
Armor: Robe              |     5 |       ||     5
       Leather armour    |    36 |    10 ||    46
Dodge: Dodged            |    86 |    18 ||   104
